 Dungeon Crawl Stone Soup version 0.29-a0-297-g7659ce593d (webtiles) character file.

Game seed: 9170051506858634122

291 Inarius the Sneak (level 6, -2/26 (28) HPs)
             Began as a Felid Chaos Knight on Mar 21, 2022.
             Was a Plaything of Xom.
             Slain by a necrophage (6 damage)
             ... on level 4 of the Dungeon.
             The game lasted 00:06:21 (4499 turns).

Inarius the Sneak (Felid Chaos Knight)              Turns: 4499, Time: 00:06:21

HP:   -2/26 (28)    AC:  2    Str:  8    XL:     6   Next: 10%
MP:   7/7           EV: 19    Int: 13    God:    Xom [....*.]
Gold: 897           SH:  0    Dex: 18    Spells: 5/5 levels left
                                        Lives: 0   Deaths: 1

rFire   . . .      SeeInvis +     - Unarmed
rCold   . . .      Faith    .   (shield unavailable)
rNeg    . . .      Spirit   .   (body armour unavailable)
rPois   .          Reflect  .   (helmet unavailable)
rElec   .          Harm     .   (cloak unavailable)
rCorr   .          Rampage  .   (gloves unavailable)
Will    .....                   (boots unavailable)
Stlth   +++.......              (no amulet)
HPRegen 0.08/turn               (no ring)
MPRegen 0.10/turn               (no ring)

@: drained, quick
A: very small, claws 1, fangs 3, see invisible, speed 1, shaggy fur 2, stealthy
paws, no weapons or thrown items, no armour, multi-lived
a: Renounce Religion


You were on level 4 of the Dungeon.
You worshipped Xom.
You were a beloved toy of Xom.
You visited 1 branch of the dungeon, and saw 4 of its levels.

You collected 897 gold pieces.

Inventory:

Jewellery
 f - a ring of magical power
Scrolls
 b - 2 scrolls of vulnerability {unknown}
 d - a scroll of summoning {unknown}
 e - a scroll of amnesia {unknown}
 l - a scroll of enchant weapon {unknown}
 m - a scroll of fog {unknown}
 n - a scroll of identify {unknown}
 p - a scroll of blinking {unknown}
 q - a scroll of teleportation {unknown}
Potions
 c - a potion of resistance {unknown}
 g - a potion of flight {unknown}
 h - a potion of haste {unknown}
 i - a potion of attraction {unknown}
 j - a potion of invisibility {unknown}
 k - a potion of berserk rage {unknown}
 o - a potion of curing {unknown}
Miscellaneous
 a - a piece from Xom's chessboard (14/15) (quivered)


   Skills:
 + Level 3.5 Fighting
 + Level 4.0 Dodging
 + Level 4.8 Stealth
 + Level 4.7 Unarmed Combat
 * Level 2.8 Evocations


You had 5 spell levels left.
You didn't know any spells.
Your spell library contained the following spells:

 Spells                   Type           Power      Damage    Failure   Level
 Dazzling Flash           Conj/Hex       0%         N/A       67%         3
 Iskenderun's Mystic Bla  Conj/Tloc      0%         2d3       97%         4
 Starburst                Conj/Fire      0%         6d3       100%        6


Dungeon Overview and Level Annotations

Branches:
Dungeon (4/15)
 Temple: D:4-7

Altars:
Kikubaaqudgha


Innate Abilities, Weirdness & Mutations

You have sharp claws.
You have razor-sharp teeth.
You have supernaturally acute eyesight. (SInv)
You cover ground quickly. (Speed+)
You are covered in thick fur. (AC +2)
Your paws help you pounce on unaware monsters.
You are incapable of wielding weapons or throwing items.
You cannot wear armour.
You gain extra lives every three experience levels.


Message History

The necrophage is moderately damaged.
The necrophage barely misses you.
You scratch the necrophage but do no damage.
The necrophage is moderately damaged.
The necrophage barely misses you.
You closely miss the necrophage.
The necrophage is moderately damaged.
The necrophage hits you.
The jelly quivers.
You scratch the necrophage.
The necrophage is heavily damaged.
The necrophage hits you.
You barely miss the necrophage.
The necrophage is heavily damaged.
The necrophage barely misses you.
You scratch the necrophage.
The necrophage is severely damaged.
The necrophage hits you.
You feel drained.
You scratch the necrophage.
You bite the necrophage, but do no damage.
The necrophage is severely damaged.
The necrophage misses you.
You scratch the necrophage.
The necrophage is almost destroyed.
The necrophage hits you.
* * * LOW HITPOINT WARNING * * *
You feel drained.
* * * LOW HITPOINT WARNING * * *
You barely miss the necrophage.
The necrophage is almost destroyed.
The necrophage closely misses you.
Okay, then.
Unknown command.
You scratch the necrophage but do no damage.
The necrophage is almost destroyed.
The necrophage closely misses you.
You make a move on Xom's chessboard...
The kobold is outlined in light.
The necrophage hits you.
You die...
Xom laughs nastily!

#. #.# #.# #.#
#.## ... #.##
.... #..#.....
#####.......J.
#@nK..........
###J.......n..
#...........
#.###.......
..# .......
#..# .......
#... ......
.... ... ....


You could see a necrophage, a jelly and a kobold (corona).

Vanquished Creatures
  Grinder (D:3)
  2 adders (D:2)
  4 gnolls
  A worm (D:3)
  2 dart slugs
  3 orcs (D:3)
  8 endoplasms
  4 giant cockroaches
  6 goblins
  4 hobgoblins
  11 jackals
  9 kobolds
  4 quokkas
  5 ball pythons
  3 bats
  A frilled lizard (D:3)
  4 rats
72 creatures vanquished.

Vanquished Creatures (others)
  35 plants (D:3)
35 creatures vanquished.

Grand Total: 107 creatures vanquished

Notes
Turn   | Place    | Note
-------+----------+-------------------------------------------
     0 | D:1      | Inarius the Felid Chaos Knight began the quest for the Orb.
     0 | D:1      | Reached XP level 1. HP: 10/10 MP: 2/2
   305 | D:1      | Reached XP level 2. HP: 12/14 MP: 3/3
   311 | D:1      | XOM: silly message
   382 | D:1      | XOM: 1-stop teleportation journey
   500 | D:1      | Reached skill level 1 in Stealth
  1236 | D:2      | Reached skill level 1 in Evocations
  1293 | D:2      | Reached XP level 3. HP: 17/17 MP: 4/4
  1334 | D:2      | XOM: 3-stop teleportation journey
  2210 | D:2      | Found an ancient bone altar of Kikubaaqudgha.
  2292 | D:3      | Noticed Grinder
  2307 | D:2      | Reached XP level 4. HP: 19/21 MP: 5/5
  2407 | D:2      | XOM: god gift: 625 gold pieces
  2503 | D:2      | XOM: cloud trail
  3192 | D:3      | Slain by a gnoll
  3193 | D:3      | Reached XP level 3. HP: 0/17 MP: 4/4
  3544 | D:3      | XOM: polymorph orc wizard -> gnoll
  3546 | D:3      | Reached XP level 4. HP: 13/21 MP: 5/5
  3615 | D:3      | XOM: 1-stop teleportation journey
  3628 | D:3      | XOM: noise
  3802 | D:3      | XOM: summons 4 friendly demons
  3811 | D:3      | Killed Grinder
  3812 | D:3      | Reached XP level 5. HP: 20/24 MP: 6/6
  3812 | D:3      | Gained mutation: You are covered in thick fur. (AC +2)
                  | [Felid growth]
  3812 | D:3      | Reached XP level 6. HP: 24/28 MP: 7/7
  4499 | D:4      | Slain by a necrophage

Illustrated notes

Levels and vault maps discovered:
D:1:      lightli_arrival_chessboard, layout_basic, lemuel_old_faithful
D:2:      layout_basic, basic_altar
D:3:      minmay_chambers_of_twos, layout_loops_ring, serial_bayou_lagoon_a,
          uniq_grinder
D:4:      minmay_inner_zag, layout_layer_cave

Skill      XL: |  1  2  3  4 |
---------------+-------------+-----
Stealth        | 1 2 4 |  4.8
Evocations     | 1 2 |  2.8
Dodging        | 4 |  4.0
Unarmed Combat | 4 |  4.7
Fighting       | |  3.5

Action                   |  1- 3 |  4- 6 || total
-------------------------+-------+-------++-------
Melee: Unarmed           |   125 |    86 ||   211
       Bite              |     9 |     7 ||    16
       Punch             |     1 |     1 ||     2
Evoke: Piece from Xom's  |     9 |     6 ||    15
 Stab: Sleeping          |     5 |     6 ||    11
       Confused          |     2 |       ||     2
       Petrifying        |     1 |       ||     1
       Paralysed         |       |     3 ||     3
Armor: Skin              |     6 |       ||     6
Dodge: Dodged            |    91 |    55 ||   146

Table legend: (Time is in decaauts)
 A = Elapsed time spent in this place.
 B = Non-inter-level travel time spent in this place.
 C = Inter-level travel time spent in this place.
 D = Time resting spent in this place.
 E = Time spent auto-exploring this place.
 F = Levels seen in this place.
 G = Mean time per level.
                   A        B        C        D        E       F      G
               +--------+--------+--------+--------+--------+-----+--------+
         Total |   4020 |   3833 |    187 |    901 |   2291 |   4 | 1005.0 |
       Dungeon |   4020 |   3833 |    187 |    901 |   2291 |   4 | 1005.0 |
               +--------+--------+--------+--------+--------+-----+--------+

Top non-repeatable levels by time:
     D:3: 1691 daAuts
     D:2: 1259 daAuts
     D:1: 1045 daAuts
     D:4: 24 daAuts
